WASHINGTON vs DETROIT

Created - May 22, 2021 at 08:47

Goals
1 2 3 T
WASHINGTON 1 0 1 2
DETROIT 3 2 0 5
Shots
1 2 3 T
WASHINGTON 10 5 9 24
DETROIT 20 12 7 39

1st period

1. WASHINGTON , Brayden Schenn 19 (Victor Hedman 47) at 0:12
2. DETROIT , Tyler Myers 16 (Taylor Hall 33, Aaron Ekblad 32) at 8:22
3. DETROIT , Colton Sceviour 10 (Christian Dvorak 24) at 9:53
4. DETROIT , Tyler Myers 17 (Aaron Ekblad 33, Max Domi 23) at 13:18 (PP)

Penalties :
Radko Gudas (WSH) for Interference (Minor) at 11:34, Matt Niskanen (WSH) for Goalie Interference (Minor) at 16:46, Matt Niskanen (WSH) for Holding (Minor) at 18:48

2nd period

5. DETROIT , Calle Jarnkrok 16 (Taylor Hall 34, Ryan Nugent-Hopkins 22) at 5:55 (PP)
6. DETROIT , Scott Laughton 12 (Tyler Myers 17, Max Domi 24) at 8:49

Penalties :
Justin Williams (WSH) for Interference (Minor) at 5:04

3rd period

7. WASHINGTON , Blake Wheeler 18 (Victor Hedman 48, Ryan Graves 16) at 17:52

Penalties :
Blake Wheeler (WSH) for Roughing (Double Minor) at 7:29

Goalie Stats

Carter Hart (WSH), 34 saves from 39 shots - (0.872), L, 30-20-6, 60:00 minutes
Thomas Greiss (DET), 22 saves from 24 shots - (0.917), W, 13-4-1, 60:00 minutes

Players Stats for WASHINGTON

Player Name              G  A  P  +/- PIM S  H  SB GA TA FO     MP     PP MP  PK MP  
------------------------------------------------------------------------------------
Blake Wheeler            1  0  1   0  4   4  1  0  0  0  1/2    15:05   0:00   0:21 
Brayden Schenn           1  0  1   0  0   2  1  0  0  0  0/1    13:59   0:00   0:00 
Brendan Gallagher        0  0  0  -1  0   3  1  0  0  0  1/1    14:33   0:00   0:00 
Cal Clutterbuck          0  0  0   0  0   0  1  0  0  0  0/0    11:26   0:00   5:15 
Casey Cizikas            0  0  0   0  0   3  1  0  0  0  11/16  19:41   0:00   4:56 
Clayton Keller           0  0  0  -1  0   3  0  0  0  0  2/3    14:33   0:00   0:00 
Damon Severson           0  0  0   0  0   1  2  1  0  0  0/0    20:52   0:00   4:56 
Dylan DeMelo             0  0  0  -2  0   1  1  0  0  0  0/0    15:56   0:00   0:53 
Justin Williams          0  0  0   0  2   0  0  0  0  0  1/2    13:58   0:00   0:00 
Luke Glendening          0  0  0   0  0   0  2  0  0  0  8/16   11:26   0:00   5:15 
Matt Niskanen            0  0  0  -3  4   1  1  1  0  0  0/0    20:32   0:00   2:44 
Radko Gudas              0  0  0   0  2   0  2  1  0  0  0/0    17:52   0:00   1:57 
Ryan Getzlaf             0  0  0  -1  0   3  2  0  0  0  11/20  14:33   0:00   0:00 
Ryan Graves              0  1  1   2  0   0  2  0  0  0  0/0    21:08   0:00   5:26 
Ryan O'Reilly            0  0  0   0  0   2  0  1  0  0  15/23  19:10   0:00   5:11 
Sam Bennett              0  0  0   0  0   0  1  0  0  0  0/0     6:17   0:00   0:06 
Victor Hedman            0  2  2   1  0   0  1  3  0  0  0/0    23:37   0:00   5:08 
Zach Parise              0  0  0   0  0   1  0  1  0  0  0/1    14:45   0:00   0:00 

Players Stats for DETROIT

Player Name              G  A  P  +/- PIM S  H  SB GA TA FO     MP     PP MP  PK MP  
------------------------------------------------------------------------------------
Aaron Ekblad             0  2  2   1  0   6  0  0  0  0  0/0    24:11   5:19   0:00 
Alexander Wennberg       0  0  0   0  0   1  0  0  0  0  1/7     6:21   0:38   0:00 
Andrej Sekera            0  0  0   0  0   0  1  0  0  0  0/0    15:03   0:15   0:00 
Calle Jarnkrok           1  0  1  -1  0   3  0  0  0  0  0/2    20:44   4:21   0:00 
Chandler Stephenson      0  0  0   0  0   2  1  0  0  0  0/0     5:43   0:00   0:00 
Christian Dvorak         0  1  1   1  0   1  0  0  0  0  7/17   14:33   2:10   0:00 
Colton Sceviour          1  0  1   1  0   2  0  0  0  0  0/1    12:23   0:00   0:00 
Ian Cole                 0  0  0   0  0   2  0  3  0  0  0/0    20:42   4:54   0:00 
Justin Abdelkader        0  0  0   1  0   0  2  0  0  0  0/1    12:57   0:34   0:00 
Max Domi                 0  2  2   1  0   2  1  0  0  0  1/2    19:29   4:30   0:00 
Oscar Klefbom            0  0  0   0  0   1  2  0  0  0  0/0    20:46   4:58   0:00 
Patrik Nemeth            0  0  0   0  0   2  1  2  0  0  0/0    15:41   0:53   0:00 
Ryan Nugent-Hopkins      0  1  1  -1  0   3  6  0  0  0  14/27  21:47   5:24   0:00 
Scott Laughton           1  0  1   1  0   4  1  0  0  0  9/22   19:29   4:30   0:00 
Taylor Hall              0  2  2  -1  0   3  0  0  0  0  2/2    21:22   4:59   0:00 
Tyler Myers              2  1  3   1  0   5  1  0  0  0  0/0    23:37   4:45   0:00 
Valeri Nichushkin        0  0  0   0  0   0  1  0  0  0  0/2     5:43   0:00   0:00 
Zemgus Girgensons        0  0  0   1  0   2  0  0  0  0  1/2    19:29   4:30   0:00 

3 Stars

1 - Tyler Myers (DET)
2 - Scott Laughton (DET)
3 - Max Domi (DET)

Power Play

WASHINGTON - 0 on 0 Attempt(s) - 0.00%
DETROIT - 2 on 6 Attempt(s) - 33.33%

Penalty Kill

WASHINGTON - 4 on 6 Attempt(s) - 66.67% - Score 0 goal in Penalty Kill
DETROIT - 0 on 0 Attempt(s) - 0.00% - Score 0 goal in Penalty Kill

Team Stat

WASHINGTON - Hits : 19 - Faceoff Wins : 50 - Blocked Shots : 8 - Penalty Minutes : 12
DETROIT - Hits : 17 - Faceoff Wins : 35 - Blocked Shots : 5 - Penalty Minutes : 0

Official

Referees : Mike Sheehan and Kenny Anderson
Linesman : Dennis Urban and Dylan Bierwirth

Game Notes

No Game Note

Finance

Level 1 -- Attendance: 3763 (62.72%) -- Ticket Income $413,930
Level 2 -- Attendance: 3804 (76.08%) -- Ticket Income $228,240
Level 3 -- Attendance: 1483 (74.15%) -- Ticket Income $59,320
Level 4 -- Attendance: 2705 (67.63%) -- Ticket Income $67,625
Luxury Box -- Attendance: 1000 (100.00%) -- Ticket Income $180,000
Game was played at the Little Caesars Arena.
Total Attendance: 12755 (70.86%)
Total Ticket Income: $949,115
Total Income: $949,115

WASHINGTON

5 vs 5 Forward 
   Center                   Left Wing                Right Wing               Time % Phy DF OF 
 1 Ryan O'Reilly            Brayden Schenn           Justin Williams          30     0   2  3  
 2 Ryan Getzlaf             Clayton Keller           Brendan Gallagher        30     0   2  3  
 3 Casey Cizikas            Zach Parise              Blake Wheeler            30     0   2  3  
 4 Luke Glendening          Sam Bennett              Cal Clutterbuck          10     2   2  1  

5 vs 5 Defense 
   Defense                  Defense                                           Time % Phy DF OF 
 1 Victor Hedman            Ryan Graves                                       30     1   3  1  
 2 Damon Severson           Radko Gudas                                       30     1   3  1  
 3 Matt Niskanen            Dylan DeMelo                                      30     0   3  2  
 4 Victor Hedman            Matt Niskanen                                     10     0   2  3  

PowerPlay Forward 
   Center                   Left Wing                Right Wing               Time % Phy DF OF 
 1 Ryan O'Reilly            Brayden Schenn           Zach Parise              50     0   0  5  
 2 Ryan Getzlaf             Clayton Keller           Brendan Gallagher        50     0   0  5  

PowerPlay Defense
   Defense                  Defense                                           Time % Phy DF OF 
 1 Damon Severson           Blake Wheeler                                     50     0   1  4  
 2 Victor Hedman            Matt Niskanen                                     50     0   1  4  

Penalty Kill 4 Players Forward 
   Center                   Wing                     Time % Phy DF OF 
 1 Ryan O'Reilly            Casey Cizikas            50     1   4  0  
 2 Luke Glendening          Cal Clutterbuck          50     1   4  0  

Penalty Kill 4 Players Defense
   Defense                  Defense                  Time % Phy DF OF 
 1 Victor Hedman            Ryan Graves              65     1   4  0  
 2 Damon Severson           Matt Niskanen            35     0   5  0  

Penalty Kill - 3 Players Forward 
   Forward                                           Time % Phy DF OF 
 1 Ryan O'Reilly                                     65     0   5  0  
 2 Luke Glendening                                   35     0   5  0  

Penalty Kill - 3 Players Defense
   Defense                  Defense                  Time % Phy DF OF 
 1 Victor Hedman            Ryan Graves              65     0   5  0  
 2 Damon Severson           Matt Niskanen            35     0   5  0  

4 vs 4 Forward 
   Center                   Wing                     Time % Phy DF OF 
 1 Ryan O'Reilly            Brayden Schenn           50     0   2  3  
 2 Ryan Getzlaf             Clayton Keller           50     0   2  3  

4 vs 4 Defense
   Defense                  Defense                  Time % Phy DF OF 
 1 Damon Severson           Blake Wheeler            50     0   2  3  
 2 Victor Hedman            Brendan Gallagher        50     0   2  3  

Last Minutes Offensive
   Center                   Left Wing                Right Wing               Defense                  Defense                  
   Ryan O'Reilly            Brayden Schenn           Blake Wheeler            Victor Hedman            Matt Niskanen            

Last Minutes Defensive
   Center                   Left Wing                Right Wing               Defense                  Defense                  
   Ryan O'Reilly            Casey Cizikas            Blake Wheeler            Victor Hedman            Ryan Graves              

Goaltenders
Starting : Carter Hart              
Backup : Carter Hutton            

Extra Forwards
Normal : Blake Wheeler, Ryan O'Reilly, Brayden Schenn - PP : Justin Williams, Casey Cizikas - PK : Blake Wheeler
Extra Defensemen
Normal : Victor Hedman, Damon Severson, Matt Niskanen - PP : Ryan Graves - PK : Radko Gudas, Dylan DeMelo
Penalty Shots
Ryan Getzlaf, Zach Parise, Justin Williams, Blake Wheeler, Ryan O'Reilly

Scratches
WSH Cap Hit (Suspend), Victor Mete (Healthy), Martin Frk (Healthy)

DETROIT

5 vs 5 Forward 
   Center                   Left Wing                Right Wing               Time % Phy DF OF 
 1 Ryan Nugent-Hopkins      Taylor Hall              Calle Jarnkrok           35     1   2  2  
 2 Scott Laughton           Max Domi                 Zemgus Girgensons        30     1   2  2  
 3 Christian Dvorak         Colton Sceviour          Justin Abdelkader        25     1   2  2  
 4 Alexander Wennberg       Chandler Stephenson      Valeri Nichushkin        10     1   2  2  

5 vs 5 Defense 
   Defense                  Defense                                           Time % Phy DF OF 
 1 Aaron Ekblad             Tyler Myers                                       35     1   2  2  
 2 Oscar Klefbom            Ian Cole                                          30     1   2  2  
 3 Patrik Nemeth            Andrej Sekera                                     25     1   2  2  
 4 Aaron Ekblad             Tyler Myers                                       10     1   2  2  

PowerPlay Forward 
   Center                   Left Wing                Right Wing               Time % Phy DF OF 
 1 Ryan Nugent-Hopkins      Taylor Hall              Calle Jarnkrok           60     1   2  2  
 2 Scott Laughton           Max Domi                 Zemgus Girgensons        40     1   2  2  

PowerPlay Defense
   Defense                  Defense                                           Time % Phy DF OF 
 1 Aaron Ekblad             Tyler Myers                                       60     1   2  2  
 2 Oscar Klefbom            Ian Cole                                          40     1   2  2  

Penalty Kill 4 Players Forward 
   Center                   Wing                     Time % Phy DF OF 
 1 Ryan Nugent-Hopkins      Taylor Hall              60     1   2  2  
 2 Max Domi                 Calle Jarnkrok           40     1   2  2  

Penalty Kill 4 Players Defense
   Defense                  Defense                  Time % Phy DF OF 
 1 Aaron Ekblad             Tyler Myers              60     1   2  2  
 2 Oscar Klefbom            Ian Cole                 40     1   2  2  

Penalty Kill - 3 Players Forward 
   Forward                                           Time % Phy DF OF 
 1 Ryan Nugent-Hopkins                               60     1   2  2  
 2 Taylor Hall                                       40     1   2  2  

Penalty Kill - 3 Players Defense
   Defense                  Defense                  Time % Phy DF OF 
 1 Aaron Ekblad             Tyler Myers              60     1   2  2  
 2 Oscar Klefbom            Ian Cole                 40     1   2  2  

4 vs 4 Forward 
   Center                   Wing                     Time % Phy DF OF 
 1 Ryan Nugent-Hopkins      Taylor Hall              60     1   2  2  
 2 Max Domi                 Calle Jarnkrok           40     1   2  2  

4 vs 4 Defense
   Defense                  Defense                  Time % Phy DF OF 
 1 Aaron Ekblad             Tyler Myers              60     1   2  2  
 2 Oscar Klefbom            Ian Cole                 40     1   2  2  

Last Minutes Offensive
   Center                   Left Wing                Right Wing               Defense                  Defense                  
   Ryan Nugent-Hopkins      Taylor Hall              Calle Jarnkrok           Aaron Ekblad             Tyler Myers              

Last Minutes Defensive
   Center                   Left Wing                Right Wing               Defense                  Defense                  
   Ryan Nugent-Hopkins      Taylor Hall              Calle Jarnkrok           Aaron Ekblad             Tyler Myers              

Goaltenders
Starting : Thomas Greiss            
Backup : John Gibson              

Extra Forwards
Normal : Christian Dvorak, Alexander Wennberg, Colton Sceviour - PP : Christian Dvorak, Alexander Wennberg - PK : Colton Sceviour
Extra Defensemen
Normal : Patrik Nemeth, Andrej Sekera, Oscar Klefbom - PP : Patrik Nemeth - PK : Andrej Sekera, Oscar Klefbom
Penalty Shots
Ryan Nugent-Hopkins, Taylor Hall, Max Domi, Calle Jarnkrok, Scott Laughton

Scratches
Tomas Nosek (Healthy), DET CAPHIT (Suspend), Robert Bortuzzo (Healthy), Brendan Smith (Healthy), Pheonix Copley (Healthy)

% Time on Ice - WASHINGTON

Lines # - Real PCT - Wanted PCT - Time Play
Normal Forward
1 - 28% - 30% - 13:59
2 - 29% - 30% - 14:33
3 - 30% - 30% - 14:45
4 - 13% - 10% - 6:11
Normal Defense
1 - 29% - 30% - 14:20
2 - 32% - 30% - 15:56
3 - 30% - 30% - 15:03
4 - 8% - 10% - 4:09
PP Forward
1 - 0% - 50%
2 - 0% - 50%
PP Defense
1 - 0% - 50%
2 - 0% - 50%
PK Forward
1 - 49% - 50% - 5:11
2 - 51% - 50% - 5:21
PK Defense
1 - 47% - 65% - 4:57
2 - 53% - 35% - 5:35
PK3 Forward
1 - 0% - 65%
2 - 0% - 35%
PK3 Defense
1 - 0% - 65%
2 - 0% - 35%
44 Forward
1 - 0% - 50%
2 - 0% - 50%
44 Defense
1 - 0% - 50%
2 - 0% - 50%
Last Minute Offensive  - 0:00
Last Minute Defensive  - 0:00
Total
Forward - 60:00
Defense - 60:00

% Time on Ice - DETROIT

Lines # - Real PCT - Wanted PCT - Time Play
Normal Forward
1 - 33% - 35% - 16:23
2 - 30% - 30% - 14:59
3 - 25% - 25% - 12:23
4 - 12% - 10% - 5:43
Normal Defense
1 - 33% - 35% - 16:08
2 - 32% - 30% - 15:48
3 - 30% - 25% - 14:48
4 - 6% - 10% - 2:44
PP Forward
1 - 57% - 60% - 6:02
2 - 43% - 40% - 4:30
PP Defense
1 - 53% - 60% - 5:34
2 - 47% - 40% - 4:58
PK Forward
1 - 0% - 60%
2 - 0% - 40%
PK Defense
1 - 0% - 60%
2 - 0% - 40%
PK3 Forward
1 - 0% - 60%
2 - 0% - 40%
PK3 Defense
1 - 0% - 60%
2 - 0% - 40%
44 Forward
1 - 0% - 60%
2 - 0% - 40%
44 Defense
1 - 0% - 60%
2 - 0% - 40%
Last Minute Offensive  - 0:00
Last Minute Defensive  - 0:00
Total
Forward - 60:00
Defense - 60:00

Play-by-Play

1st period


0:01 of 1st period - Ryan Nugent-Hopkins wins face-off versus Brayden Schenn in neutral zone.
0:12 of 1st period - Shot by Brayden Schenn.
0:12 of 1st period - Goal by Brayden Schenn - WASHINGTON : 1 - DETROIT : 0.
0:13 of 1st period - Ryan Getzlaf wins face-off versus Scott Laughton in neutral zone.
0:18 of 1st period - Shot by Brendan Gallagher.
0:18 of 1st period - Shot Misses the Net.
0:20 of 1st period - Shot by Ryan Getzlaf.
0:20 of 1st period - Shot Blocked by Ian Cole.
0:22 of 1st period - Shot by Radko Gudas.
0:22 of 1st period - Shot Misses the Net.
0:29 of 1st period - Icing by Ian Cole.
0:30 of 1st period - Casey Cizikas wins face-off versus Scott Laughton in DETROIT zone.
1:04 of 1st period - Shot by Blake Wheeler.
1:04 of 1st period - Stopped by Thomas Greiss without a rebound.
1:05 of 1st period - Ryan O'Reilly wins face-off versus Christian Dvorak in DETROIT zone.
1:05 of 1st period - Ryan O'Reilly is hit by Andrej Sekera.
1:11 of 1st period - Shot by Justin Williams.
1:11 of 1st period - Shot Blocked by Patrik Nemeth.
2:03 of 1st period - Shot by Taylor Hall.
2:03 of 1st period - Deflect By Ryan Nugent-Hopkins.
2:03 of 1st period - Stopped by Carter Hart without a rebound.
2:04 of 1st period - Luke Glendening wins face-off versus Alexander Wennberg in WASHINGTON zone.
2:17 of 1st period - Shot by Alexander Wennberg.
2:17 of 1st period - Shot Misses the Net.
2:33 of 1st period - Shot by Damon Severson.
2:33 of 1st period - Stopped by Thomas Greiss without a rebound.
2:34 of 1st period - Ryan Nugent-Hopkins wins face-off versus Ryan Getzlaf in DETROIT zone.
2:34 of 1st period - Ryan Nugent-Hopkins is hit by Brendan Gallagher.
2:50 of 1st period - Shot by Taylor Hall.
2:50 of 1st period - Shot Misses the Net.
3:59 of 1st period - Icing by Casey Cizikas.
4:00 of 1st period - Blake Wheeler wins face-off versus Christian Dvorak in WASHINGTON zone.
4:12 of 1st period - Icing by Oscar Klefbom.
4:13 of 1st period - Ryan O'Reilly wins face-off versus Christian Dvorak in DETROIT zone.
4:17 of 1st period - Justin Williams is hit by Oscar Klefbom and loses puck.
5:09 of 1st period - Shot by Calle Jarnkrok.
5:09 of 1st period - Stopped by Carter Hart with a rebound.
5:11 of 1st period - Shot by Aaron Ekblad.
5:11 of 1st period - Stopped by Carter Hart with a rebound.
5:13 of 1st period - Shot by Aaron Ekblad.
5:13 of 1st period - Stopped by Carter Hart without a rebound.
5:14 of 1st period - Casey Cizikas wins face-off versus Scott Laughton in WASHINGTON zone.
5:16 of 1st period - Icing by Blake Wheeler.
5:17 of 1st period - Casey Cizikas wins face-off versus Alexander Wennberg in WASHINGTON zone.
5:22 of 1st period - Aaron Ekblad is hit by Blake Wheeler.
5:28 of 1st period - Radko Gudas is hit by Chandler Stephenson and loses puck.
5:46 of 1st period - Chandler Stephenson is hit by Radko Gudas and loses puck.
5:53 of 1st period - Shot by Chandler Stephenson.
5:53 of 1st period - Stopped by Carter Hart without a rebound.
5:54 of 1st period - Ryan Getzlaf wins face-off versus Ryan Nugent-Hopkins in WASHINGTON zone.
6:09 of 1st period - Shot by Ryan Getzlaf.
6:09 of 1st period - Deflect By Clayton Keller.
6:09 of 1st period - Stopped by Thomas Greiss with a rebound.
6:11 of 1st period - Shot by Clayton Keller.
6:11 of 1st period - Stopped by Thomas Greiss with a rebound.
6:13 of 1st period - Shot by Ryan Getzlaf.
6:13 of 1st period - Stopped by Thomas Greiss with a rebound.
6:23 of 1st period - Shot by Ryan Getzlaf.
6:23 of 1st period - Stopped by Thomas Greiss without a rebound.
6:24 of 1st period - Zemgus Girgensons wins face-off versus Luke Glendening in DETROIT zone.
6:43 of 1st period - Ryan Graves is hit by Oscar Klefbom and loses puck.
7:00 of 1st period - Shot by Cal Clutterbuck.
7:00 of 1st period - Shot Misses the Net.
7:02 of 1st period - Shot by Victor Hedman.
7:02 of 1st period - Shot Misses the Net.
7:23 of 1st period - Shot by Zach Parise.
7:23 of 1st period - Deflect By Blake Wheeler.
7:23 of 1st period - Shot Blocked by Ian Cole.
7:33 of 1st period - Shot by Blake Wheeler.
7:33 of 1st period - Shot Misses the Net.
7:43 of 1st period - Shot by Blake Wheeler.
7:43 of 1st period - Deflect By Zach Parise.
7:43 of 1st period - Stopped by Thomas Greiss without a rebound.
7:44 of 1st period - Ryan Nugent-Hopkins wins face-off versus Ryan O'Reilly in DETROIT zone.
7:51 of 1st period - Brayden Schenn is hit by Ryan Nugent-Hopkins and loses puck.
8:10 of 1st period - Shot by Taylor Hall.
8:10 of 1st period - Shot Blocked by Matt Niskanen.
8:22 of 1st period - Shot by Tyler Myers.
8:22 of 1st period - Goal by Tyler Myers - WASHINGTON : 1 - DETROIT : 1.
8:23 of 1st period - Ryan Getzlaf wins face-off versus Christian Dvorak in neutral zone.
8:32 of 1st period - Off-side.
8:33 of 1st period - Casey Cizikas wins face-off versus Valeri Nichushkin in neutral zone.
9:04 of 1st period - Shot by Casey Cizikas.
9:04 of 1st period - Stopped by Thomas Greiss without a rebound.
9:05 of 1st period - Christian Dvorak wins face-off versus Ryan Getzlaf in DETROIT zone.
9:09 of 1st period - Off-side.
9:10 of 1st period - Ryan Getzlaf wins face-off versus Ryan Nugent-Hopkins in neutral zone.
9:12 of 1st period - Victor Hedman is hit by Tyler Myers and loses puck.
9:32 of 1st period - Icing by Ryan Nugent-Hopkins.
9:33 of 1st period - Ryan O'Reilly wins face-off versus Ryan Nugent-Hopkins in DETROIT zone.
9:34 of 1st period - Shot by Brayden Schenn.
9:34 of 1st period - Stopped by Thomas Greiss with a rebound.
9:39 of 1st period - Off-side.
9:40 of 1st period - Christian Dvorak wins face-off versus Zach Parise in neutral zone.
9:45 of 1st period - Icing by Casey Cizikas.
9:46 of 1st period - Christian Dvorak wins face-off versus Casey Cizikas in WASHINGTON zone.
9:53 of 1st period - Shot by Colton Sceviour.
9:53 of 1st period - Goal by Colton Sceviour - WASHINGTON : 1 - DETROIT : 2.
9:54 of 1st period - Ryan Nugent-Hopkins wins face-off versus Ryan Getzlaf in neutral zone.
9:59 of 1st period - Matt Niskanen is hit by Ryan Nugent-Hopkins and loses puck.
10:06 of 1st period - Shot by Ryan Nugent-Hopkins.
10:06 of 1st period - Stopped by Carter Hart with a rebound.
10:08 of 1st period - Shot by Aaron Ekblad.
10:08 of 1st period - Stopped by Carter Hart with a rebound.
10:22 of 1st period - Shot by Taylor Hall.
10:22 of 1st period - Shot Blocked by Victor Hedman.
10:24 of 1st period - Shot by Tyler Myers.
10:24 of 1st period - Stopped by Carter Hart without a rebound.
10:25 of 1st period - Ryan O'Reilly wins face-off versus Colton Sceviour in WASHINGTON zone.
10:55 of 1st period - Shot by Justin Williams.
10:55 of 1st period - Shot Misses the Net.
11:10 of 1st period - Damon Severson is hit by Patrik Nemeth and loses puck.
11:34 of 1st period - Minor Penalty to Radko Gudas for Interference.
11:35 of 1st period - Ryan Nugent-Hopkins wins face-off versus Luke Glendening in WASHINGTON zone.
12:08 of 1st period - Shot by Calle Jarnkrok.
12:08 of 1st period - Stopped by Carter Hart without a rebound.
12:09 of 1st period - Scott Laughton wins face-off versus Ryan O'Reilly in WASHINGTON zone.
12:20 of 1st period - Shot by Scott Laughton.
12:20 of 1st period - Shot Misses the Net.
12:22 of 1st period - Shot by Tyler Myers.
12:22 of 1st period - Shot Blocked by Damon Severson.
12:26 of 1st period - Shot by Scott Laughton.
12:26 of 1st period - Shot Misses the Net.
12:28 of 1st period - Shot by Tyler Myers.
12:28 of 1st period - Shot Blocked by Ryan O'Reilly.
12:32 of 1st period - Shot by Max Domi.
12:32 of 1st period - Stopped by Carter Hart without a rebound.
12:33 of 1st period - Ryan Nugent-Hopkins wins face-off versus Luke Glendening in WASHINGTON zone.
12:56 of 1st period - Shot by Ian Cole.
12:56 of 1st period - Stopped by Carter Hart without a rebound.
12:57 of 1st period - Ryan O'Reilly wins face-off versus Scott Laughton in WASHINGTON zone.
13:14 of 1st period - Shot by Max Domi.
13:14 of 1st period - Shot Misses the Net.
13:18 of 1st period - Shot by Tyler Myers.
13:18 of 1st period - Goal by Tyler Myers - WASHINGTON : 1 - DETROIT : 3.
13:19 of 1st period - Ryan Getzlaf wins face-off versus Christian Dvorak in neutral zone.
14:50 of 1st period - Calle Jarnkrok is hit by Casey Cizikas.
15:40 of 1st period - Shot by Ryan O'Reilly.
15:40 of 1st period - Shot Blocked by Ian Cole.
15:42 of 1st period - Shot by Brayden Schenn.
15:42 of 1st period - Shot Hit the Post.
16:46 of 1st period - Minor Penalty to Matt Niskanen for Goalie Interference.
16:47 of 1st period - Luke Glendening wins face-off versus Ryan Nugent-Hopkins in WASHINGTON zone.
17:00 of 1st period - Cal Clutterbuck is hit by Ryan Nugent-Hopkins and loses puck.
17:29 of 1st period - Shot by Oscar Klefbom.
17:29 of 1st period - Shot Blocked by Radko Gudas.
18:08 of 1st period - Off-side.
18:09 of 1st period - Luke Glendening wins face-off versus Max Domi in neutral zone.
18:20 of 1st period - Shot by Tyler Myers.
18:20 of 1st period - Shot Misses the Net.
18:22 of 1st period - Shot by Zemgus Girgensons.
18:22 of 1st period - Stopped by Carter Hart without a rebound.
18:23 of 1st period - Ryan Nugent-Hopkins wins face-off versus Luke Glendening in WASHINGTON zone.
18:30 of 1st period - Shot by Taylor Hall.
18:30 of 1st period - Stopped by Carter Hart with a rebound.
18:32 of 1st period - Shot by Aaron Ekblad.
18:32 of 1st period - Stopped by Carter Hart without a rebound.
18:33 of 1st period - Scott Laughton wins face-off versus Ryan O'Reilly in WASHINGTON zone.
18:46 of 1st period - Shot by Max Domi.
18:46 of 1st period - Shot Blocked by Victor Hedman.
18:48 of 1st period - Shot by Patrik Nemeth.
18:48 of 1st period - Stopped by Carter Hart without a rebound.
18:48 of 1st period - Minor Penalty to Matt Niskanen for Holding.
18:49 of 1st period - Ryan Nugent-Hopkins wins face-off versus Luke Glendening in WASHINGTON zone.
18:50 of 1st period - Shot by Aaron Ekblad.
18:50 of 1st period - Stopped by Carter Hart without a rebound.
18:51 of 1st period - Ryan Nugent-Hopkins wins face-off versus Luke Glendening in WASHINGTON zone.
18:58 of 1st period - Shot by Taylor Hall.
18:58 of 1st period - Deflect By Ryan Nugent-Hopkins.
18:58 of 1st period - Shot Misses the Net.
19:00 of 1st period - Shot by Taylor Hall.
19:00 of 1st period - Stopped by Carter Hart without a rebound.
19:01 of 1st period - Scott Laughton wins face-off versus Ryan O'Reilly in WASHINGTON zone.
Goals for this period are 1 for WASHINGTON vs 3 for DETROIT.
Shots for this period are 10 for WASHINGTON vs 20 for DETROIT.

2nd period


0:01 of 2nd period - Luke Glendening wins face-off versus Calle Jarnkrok in neutral zone.
1:02 of 2nd period - Shot by Brendan Gallagher.
1:02 of 2nd period - Shot Misses the Net.
1:14 of 2nd period - Shot by Ryan Getzlaf.
1:14 of 2nd period - Stopped by Thomas Greiss without a rebound.
1:15 of 2nd period - Max Domi wins face-off versus Blake Wheeler in DETROIT zone.
1:46 of 2nd period - Shot by Max Domi.
1:46 of 2nd period - Deflect By Scott Laughton.
1:46 of 2nd period - Stopped by Carter Hart without a rebound.
1:47 of 2nd period - Christian Dvorak wins face-off versus Ryan Getzlaf in WASHINGTON zone.
2:31 of 2nd period - Aaron Ekblad is hit by Ryan Getzlaf and loses puck.
3:02 of 2nd period - Shot by Ryan Nugent-Hopkins.
3:02 of 2nd period - Shot Misses the Net.
3:04 of 2nd period - Shot by Ryan Nugent-Hopkins.
3:04 of 2nd period - Stopped by Carter Hart with a rebound.
3:06 of 2nd period - Shot by Oscar Klefbom.
3:06 of 2nd period - Stopped by Carter Hart without a rebound.
3:07 of 2nd period - Casey Cizikas wins face-off versus Scott Laughton in WASHINGTON zone.
3:25 of 2nd period - Shot by Blake Wheeler.
3:25 of 2nd period - Shot Misses the Net.
4:01 of 2nd period - Icing by Cal Clutterbuck.
4:02 of 2nd period - Luke Glendening wins face-off versus Ryan Nugent-Hopkins in WASHINGTON zone.
4:15 of 2nd period - Ian Cole is hit by Cal Clutterbuck and loses puck.
4:26 of 2nd period - Oscar Klefbom is hit by Sam Bennett and loses puck.
5:04 of 2nd period - Minor Penalty to Justin Williams for Interference.
5:05 of 2nd period - Ryan O'Reilly wins face-off versus Scott Laughton in WASHINGTON zone.
5:13 of 2nd period - Icing by Aaron Ekblad.
5:14 of 2nd period - Ryan O'Reilly wins face-off versus Scott Laughton in DETROIT zone.
5:33 of 2nd period - Shot by Aaron Ekblad.
5:33 of 2nd period - Shot Misses the Net.
5:35 of 2nd period - Shot by Tyler Myers.
5:35 of 2nd period - Stopped by Carter Hart without a rebound.
5:36 of 2nd period - Taylor Hall wins face-off versus Ryan O'Reilly in WASHINGTON zone.
5:53 of 2nd period - Shot by Taylor Hall.
5:53 of 2nd period - Shot Blocked by Victor Hedman.
5:55 of 2nd period - Shot by Calle Jarnkrok.
5:55 of 2nd period - Goal by Calle Jarnkrok - WASHINGTON : 1 - DETROIT : 4.
5:56 of 2nd period - Clayton Keller wins face-off versus Alexander Wennberg in neutral zone.
5:56 of 2nd period - Brendan Gallagher is hit by Valeri Nichushkin and loses puck.
6:08 of 2nd period - Shot by Valeri Nichushkin.
6:08 of 2nd period - Shot Misses the Net.
6:10 of 2nd period - Shot by Aaron Ekblad.
6:10 of 2nd period - Stopped by Carter Hart without a rebound.
6:11 of 2nd period - Ryan Nugent-Hopkins wins face-off versus Luke Glendening in WASHINGTON zone.
6:22 of 2nd period - Radko Gudas is hit by Ryan Nugent-Hopkins.
7:02 of 2nd period - Tyler Myers is hit by Luke Glendening and loses puck.
7:13 of 2nd period - Shot by Scott Laughton.
7:13 of 2nd period - Stopped by Carter Hart without a rebound.
7:14 of 2nd period - Christian Dvorak wins face-off versus Ryan O'Reilly in WASHINGTON zone.
8:23 of 2nd period - Icing by Tyler Myers.
8:24 of 2nd period - Scott Laughton wins face-off versus Ryan Getzlaf in DETROIT zone.
8:45 of 2nd period - Shot by Tyler Myers.
8:45 of 2nd period - Stopped by Carter Hart with a rebound.
8:47 of 2nd period - Shot by Scott Laughton.
8:47 of 2nd period - Shot Misses the Net.
8:49 of 2nd period - Shot by Scott Laughton.
8:49 of 2nd period - Goal by Scott Laughton - WASHINGTON : 1 - DETROIT : 5.
8:50 of 2nd period - Ryan Nugent-Hopkins wins face-off versus Casey Cizikas in neutral zone.
9:54 of 2nd period - Shot by Ryan O'Reilly.
9:54 of 2nd period - Stopped by Thomas Greiss without a rebound.
9:55 of 2nd period - Scott Laughton wins face-off versus Clayton Keller in DETROIT zone.
9:59 of 2nd period - Off-side.
10:00 of 2nd period - Scott Laughton wins face-off versus Ryan Getzlaf in neutral zone.
10:16 of 2nd period - Off-side.
10:17 of 2nd period - Ryan O'Reilly wins face-off versus Alexander Wennberg in neutral zone.
10:40 of 2nd period - Shot by Alexander Wennberg.
10:40 of 2nd period - Stopped by Carter Hart without a rebound.
10:41 of 2nd period - Ryan Getzlaf wins face-off versus Scott Laughton in WASHINGTON zone.
11:01 of 2nd period - Max Domi is hit by Matt Niskanen and loses puck.
11:54 of 2nd period - Shot by Casey Cizikas.
11:54 of 2nd period - Stopped by Thomas Greiss without a rebound.
11:55 of 2nd period - Ryan O'Reilly wins face-off versus Christian Dvorak in DETROIT zone.
12:00 of 2nd period - Shot by Brayden Schenn.
12:00 of 2nd period - Shot Blocked by Patrik Nemeth.
12:32 of 2nd period - Shot by Colton Sceviour.
12:32 of 2nd period - Stopped by Carter Hart with a rebound.
13:08 of 2nd period - Shot by Taylor Hall.
13:08 of 2nd period - Shot Misses the Net.
13:45 of 2nd period - Icing by Victor Hedman.
13:46 of 2nd period - Scott Laughton wins face-off versus Casey Cizikas in WASHINGTON zone.
13:51 of 2nd period - Shot by Max Domi.
13:51 of 2nd period - Deflect By Scott Laughton.
13:51 of 2nd period - Shot Blocked by Zach Parise.
14:21 of 2nd period - Shot by Scott Laughton.
14:21 of 2nd period - Shot Misses the Net.
14:23 of 2nd period - Shot by Tyler Myers.
14:23 of 2nd period - Shot Misses the Net.
14:25 of 2nd period - Shot by Tyler Myers.
14:25 of 2nd period - Shot Misses the Net.
14:58 of 2nd period - Icing by Chandler Stephenson.
14:59 of 2nd period - Ryan O'Reilly wins face-off versus Valeri Nichushkin in DETROIT zone.
16:40 of 2nd period - Shot by Scott Laughton.
16:40 of 2nd period - Shot Misses the Net.
16:42 of 2nd period - Shot by Tyler Myers.
16:42 of 2nd period - Shot Misses the Net.
16:56 of 2nd period - Shot by Christian Dvorak.
16:56 of 2nd period - Stopped by Carter Hart without a rebound.
16:57 of 2nd period - Casey Cizikas wins face-off versus Alexander Wennberg in WASHINGTON zone.
17:24 of 2nd period - Shot by Zach Parise.
17:24 of 2nd period - Shot Misses the Net.
17:26 of 2nd period - Shot by Casey Cizikas.
17:26 of 2nd period - Stopped by Thomas Greiss without a rebound.
17:27 of 2nd period - Ryan Nugent-Hopkins wins face-off versus Luke Glendening in DETROIT zone.
17:36 of 2nd period - Patrik Nemeth is hit by Luke Glendening and loses puck.
18:00 of 2nd period - Icing by Damon Severson.
18:01 of 2nd period - Luke Glendening wins face-off versus Scott Laughton in WASHINGTON zone.
18:06 of 2nd period - Shot by Sam Bennett.
18:06 of 2nd period - Shot Misses the Net.
18:08 of 2nd period - Shot by Luke Glendening.
18:08 of 2nd period - Shot Misses the Net.
18:17 of 2nd period - Icing by Aaron Ekblad.
18:18 of 2nd period - Ryan Getzlaf wins face-off versus Scott Laughton in DETROIT zone.
18:33 of 2nd period - Shot by Brendan Gallagher.
18:33 of 2nd period - Stopped by Thomas Greiss without a rebound.
18:34 of 2nd period - Casey Cizikas wins face-off versus Ryan Nugent-Hopkins in DETROIT zone.
18:50 of 2nd period - Calle Jarnkrok is hit by Ryan Graves.
18:55 of 2nd period - Ryan Nugent-Hopkins is hit by Ryan Graves and loses puck.
19:59 of 2nd period - Shot by Brendan Gallagher.
19:59 of 2nd period - Shot Misses the Net.
Goals for this period are 0 for WASHINGTON vs 2 for DETROIT.
Shots for this period are 5 for WASHINGTON vs 12 for DETROIT.

3rd period


0:01 of 3rd period - Ryan Nugent-Hopkins wins face-off versus Ryan Getzlaf in neutral zone.
0:05 of 3rd period - Aaron Ekblad is hit by Dylan DeMelo and loses puck.
0:21 of 3rd period - Icing by Ryan Nugent-Hopkins.
0:22 of 3rd period - Ryan O'Reilly wins face-off versus Ryan Nugent-Hopkins in DETROIT zone.
1:30 of 3rd period - Shot by Clayton Keller.
1:30 of 3rd period - Stopped by Thomas Greiss without a rebound.
1:31 of 3rd period - Casey Cizikas wins face-off versus Justin Abdelkader in DETROIT zone.
1:32 of 3rd period - Shot by Zach Parise.
1:32 of 3rd period - Deflect By Blake Wheeler.
1:32 of 3rd period - Stopped by Thomas Greiss with a rebound.
1:38 of 3rd period - Blake Wheeler is hit by Justin Abdelkader and loses puck.
2:32 of 3rd period - Shot by Max Domi.
2:32 of 3rd period - Stopped by Carter Hart without a rebound.
2:33 of 3rd period - Ryan Getzlaf wins face-off versus Alexander Wennberg in WASHINGTON zone.
2:46 of 3rd period - Shot by Andrej Sekera.
2:46 of 3rd period - Shot Misses the Net.
2:48 of 3rd period - Shot by Chandler Stephenson.
2:48 of 3rd period - Stopped by Carter Hart without a rebound.
2:49 of 3rd period - Ryan O'Reilly wins face-off versus Scott Laughton in WASHINGTON zone.
3:05 of 3rd period - Max Domi is hit by Victor Hedman and loses puck.
3:24 of 3rd period - Shot by Max Domi.
3:24 of 3rd period - Shot Misses the Net.
3:49 of 3rd period - Icing by Aaron Ekblad.
3:50 of 3rd period - Alexander Wennberg wins face-off versus Ryan Getzlaf in DETROIT zone.
3:50 of 3rd period - Alexander Wennberg is hit by Ryan Getzlaf.
4:01 of 3rd period - Icing by Dylan DeMelo.
4:02 of 3rd period - Ryan Getzlaf wins face-off versus Ryan Nugent-Hopkins in WASHINGTON zone.
4:22 of 3rd period - Icing by Clayton Keller.
4:23 of 3rd period - Clayton Keller wins face-off versus Christian Dvorak in WASHINGTON zone.
4:25 of 3rd period - Brendan Gallagher is hit by Justin Abdelkader and loses puck.
4:30 of 3rd period - Shot by Dylan DeMelo.
4:30 of 3rd period - Stopped by Thomas Greiss without a rebound.
4:31 of 3rd period - Scott Laughton wins face-off versus Casey Cizikas in DETROIT zone.
4:53 of 3rd period - Max Domi is hit by Damon Severson and loses puck.
5:01 of 3rd period - Max Domi is hit by Damon Severson and loses puck.
5:11 of 3rd period - Shot by Scott Laughton.
5:11 of 3rd period - Stopped by Carter Hart without a rebound.
5:12 of 3rd period - Taylor Hall wins face-off versus Justin Williams in WASHINGTON zone.
5:21 of 3rd period - Shot by Taylor Hall.
5:21 of 3rd period - Stopped by Carter Hart without a rebound.
5:22 of 3rd period - Christian Dvorak wins face-off versus Ryan Getzlaf in WASHINGTON zone.
5:59 of 3rd period - Shot by Brendan Gallagher.
5:59 of 3rd period - Shot Misses the Net.
6:43 of 3rd period - Shot by Aaron Ekblad.
6:43 of 3rd period - Shot Misses the Net.
7:29 of 3rd period - Double Minor Penalty to Blake Wheeler for Roughing.
7:30 of 3rd period - Luke Glendening wins face-off versus Zemgus Girgensons in WASHINGTON zone.
8:10 of 3rd period - Shot by Oscar Klefbom.
8:10 of 3rd period - Shot Misses the Net.
8:20 of 3rd period - Cal Clutterbuck is hit by Ryan Nugent-Hopkins and loses puck.
8:26 of 3rd period - Ryan Nugent-Hopkins is hit by Radko Gudas and loses puck.
9:10 of 3rd period - Shot by Ian Cole.
9:10 of 3rd period - Stopped by Carter Hart without a rebound.
9:11 of 3rd period - Christian Dvorak wins face-off versus Ryan O'Reilly in WASHINGTON zone.
9:14 of 3rd period - Shot by Patrik Nemeth.
9:14 of 3rd period - Stopped by Carter Hart without a rebound.
9:15 of 3rd period - Ryan O'Reilly wins face-off versus Ryan Nugent-Hopkins in WASHINGTON zone.
9:43 of 3rd period - Icing by Ian Cole.
9:44 of 3rd period - Ryan O'Reilly wins face-off versus Calle Jarnkrok in DETROIT zone.
10:19 of 3rd period - Matt Niskanen is hit by Max Domi and loses puck.
10:50 of 3rd period - Shot by Max Domi.
10:50 of 3rd period - Deflect By Zemgus Girgensons.
10:50 of 3rd period - Stopped by Carter Hart with a rebound.
11:18 of 3rd period - Shot by Aaron Ekblad.
11:18 of 3rd period - Shot Misses the Net.
12:50 of 3rd period - Shot by Colton Sceviour.
12:50 of 3rd period - Shot Misses the Net.
13:44 of 3rd period - Shot by Blake Wheeler.
13:44 of 3rd period - Stopped by Thomas Greiss without a rebound.
13:45 of 3rd period - Ryan Getzlaf wins face-off versus Ryan Nugent-Hopkins in DETROIT zone.
13:58 of 3rd period - Shot by Brendan Gallagher.
13:58 of 3rd period - Shot Misses the Net.
14:10 of 3rd period - Shot by Ryan Nugent-Hopkins.
14:10 of 3rd period - Shot Misses the Net.
14:41 of 3rd period - Icing by Colton Sceviour.
14:42 of 3rd period - Casey Cizikas wins face-off versus Christian Dvorak in DETROIT zone.
14:43 of 3rd period - Shot by Matt Niskanen.
14:43 of 3rd period - Stopped by Thomas Greiss without a rebound.
14:44 of 3rd period - Scott Laughton wins face-off versus Casey Cizikas in DETROIT zone.
15:03 of 3rd period - Matt Niskanen is hit by Scott Laughton and loses puck.
15:44 of 3rd period - Shot by Brendan Gallagher.
15:44 of 3rd period - Stopped by Thomas Greiss without a rebound.
15:45 of 3rd period - Ryan Nugent-Hopkins wins face-off versus Ryan O'Reilly in DETROIT zone.
16:03 of 3rd period - Off-side.
16:04 of 3rd period - Brendan Gallagher wins face-off versus Christian Dvorak in neutral zone.
16:31 of 3rd period - Icing by Ian Cole.
16:32 of 3rd period - Ryan O'Reilly wins face-off versus Christian Dvorak in DETROIT zone.
17:52 of 3rd period - Shot by Blake Wheeler.
17:52 of 3rd period - Goal by Blake Wheeler - WASHINGTON : 2 - DETROIT : 5.
17:53 of 3rd period - Ryan Getzlaf wins face-off versus Scott Laughton in neutral zone.
18:19 of 3rd period - Shot by Brendan Gallagher.
18:19 of 3rd period - Stopped by Thomas Greiss without a rebound.
18:20 of 3rd period - Luke Glendening wins face-off versus Ryan Nugent-Hopkins in DETROIT zone.
18:27 of 3rd period - Matt Niskanen is hit by Ryan Nugent-Hopkins and loses puck.
18:45 of 3rd period - Icing by Ryan Nugent-Hopkins.
18:46 of 3rd period - Justin Williams wins face-off versus Ryan Nugent-Hopkins in DETROIT zone.
18:52 of 3rd period - Tyler Myers is hit by Brayden Schenn and loses puck.
19:02 of 3rd period - Shot by Ryan O'Reilly.
19:02 of 3rd period - Stopped by Thomas Greiss without a rebound.
19:03 of 3rd period - Casey Cizikas wins face-off versus Scott Laughton in DETROIT zone.
19:10 of 3rd period - Shot by Blake Wheeler.
19:10 of 3rd period - Shot Hit the Post.
19:54 of 3rd period - Icing by Radko Gudas.
19:55 of 3rd period - Casey Cizikas wins face-off versus Ryan Nugent-Hopkins in WASHINGTON zone.
Goals for this period are 1 for WASHINGTON vs 0 for DETROIT.
Shots for this period are 9 for WASHINGTON vs 7 for DETROIT.